 Dungeon Crawl Stone Soup version 0.29-a0-40-g8eb35efe60 (webtiles) character file.

Game seed: 13056175139654088391

1770 pokeman the Thaumaturge (level 8, -4/44 HPs)
             Began as a Deep Elf Hedge Wizard on Feb 1, 2022.
             Was an Initiate of Vehumet.
             Slain by an orc warrior (5 damage)
             ... on level 7 of the Dungeon.
             The game lasted 00:17:04 (7427 turns).

pokeman the Thaumaturge (Deep Elf Hedge Wizard)     Turns: 7427, Time: 00:17:05

Health: -4/44      AC:  4    Str:  7    XL:     8   Next: 80%
Magic:  16/24      EV: 12    Int: 22    God:    Vehumet [......]
Gold:   297        SH:  0    Dex: 14    Spells: 11/27 levels left

rFire   . . .      SeeInvis .   F - +8 woodcutter's axe {vorpal}
rCold   . . .      Faith    .   (no shield)
rNeg    + . .      Spirit   .   f - +0 leather armour
rPois   .          Reflect  +   m - +0 helmet
rElec   .          Harm     .   (no cloak)
rCorr   .          Rampage  .   (no gloves)
Will    .....                   (no boots)
Stlth   +.........              i - amulet of reflection
HPRegen 0.14/turn               B - ring of positive energy
MPRegen 0.19/turn               (no ring)

@: confused, weak-willed, very slightly contaminated, very slow
A: no striking features
a: Renounce Religion


You were on level 7 of the Dungeon.
You worshipped Vehumet.
Vehumet was noncommittal.
You visited 2 branches of the dungeon, and saw 10 of its levels.

You collected 297 gold pieces.

Inventory:

Hand Weapons
 F - the +8 woodcutter's axe (weapon) {vorpal}
   (You found it on level 8 of the Dungeon)

   It inflicts extra damage upon your enemies.
Missiles
 b - 95 arrows
 h - 39 bolts
 t - 6 curare-tipped darts
Armour
 f - a +0 leather armour (worn)
 m - a +0 helmet (worn)
Jewellery
 i - an amulet of reflection (around neck)
 B - a ring of positive energy (left hand)
Wands
 a - a wand of flame (16)
 A - a wand of mindburst (4)
 D - a wand of iceblast (9)
Scrolls
 e - 2 scrolls of fear
 g - 2 scrolls of teleportation
 n - a scroll of holy word {unknown}
 o - a scroll of fog {unknown}
 r - 2 scrolls of amnesia {unknown}
 u - 4 scrolls of identify {unknown}
 v - a scroll of blinking {unknown}
 y - a scroll of enchant armour {unknown}
Potions
 d - a potion of degeneration {unknown}
 j - 2 potions of flight {unknown}
 k - 3 potions of curing {unknown}
 l - 3 potions of lignification {unknown}
 p - a potion of magic {unknown}
 q - a potion of heal wounds {unknown}
 s - 2 potions of might {unknown}
 w - a potion of resistance {unknown}
 x - a potion of brilliance {unknown}
 E - a potion of berserk rage {unknown}
Miscellaneous
 C - a lightning rod (4/4)


   Skills:
 - Level 2.0 Fighting
 + Level 3.0 Armour
 - Level 3.0 Dodging
 - Level 3.1 Stealth
 * Level 10.3 Spellcasting
 + Level 5.5 Conjurations
 - Level 1.1 Summonings
 - Level 1.1 Translocations
 + Level 4.4 Fire Magic
 + Level 0.4 Ice Magic
 - Level 1.1 Air Magic
 - Level 1.0 Poison Magic
 - Level 1.0 Evocations


You had 11 spell levels left.
You knew the following spells:

 Your Spells              Type           Power      Damage    Failure   Level
a - Magic Dart            Conj           100%       1d8       1%          1
b - Mephitic Cloud        Conj/Pois/Air  22%        N/A       9%          3
c - Call Imp              Summ           16%        N/A       9%          2
d - Blink                 Tloc           32%        N/A       9%          2
e - Conjure Flame         Conj/Fire      33%        6-21      3%          3
f - Freezing Cloud        Conj/Ice/Air   10%        6-21      65%         5

Your spell library contained the following spells:

 Spells                   Type           Power      Damage    Failure   Level
 Animate Skeleton         Necr           22%        N/A       9%          1
 Pain                     Necr           44%        1d6       9%          1
 Slow                     Hex            44%        N/A       9%          1
 Ignite Poison            Fire/Tmut/Pois 19%        N/A       12%         3
 Gell's Gravitas          Tloc           16%        N/A       16%         3
 Teleport Other           Tloc           16%        N/A       16%         3
 Frozen Ramparts          Ice            26%        1d4       22%         3
 Vampiric Draining        Necr           11%        2d6       26%         3
 Summon Ice Beast         Ice/Summ       14%        N/A       54%         4
 Ice Form                 Ice/Tmut       12%        N/A       61%         4
 Dispersal                Tloc           8%         N/A       100%        6


Dungeon Overview and Level Annotations

Branches:
Dungeon (9/15)             Temple (1/1) D:5
   Lair: D:8-11         Orc: D:9-12

Altars:
Ashenzari
Dithmenos
Fedhas
Hepliaklqana
Kikubaaqudgha
Makhleb
Nemelex Xobeh
Okawaru
Qazlal
Sif Muna
Trog
Uskayaw
Vehumet
Wu Jian
Xom
Yredelemnul
Zin
The Shining One

Annotations:
D:7 Harold


Message History

An orc warrior comes into view. It is wielding a +0 hand axe.
The orc wizard casts a spell.
The orc wizard flickers and vanishes!
Deactivating autopickup; reactivate with Ctrl-A.
There is an open door here.
Unknown command.
You close the door.
The orc hits you with a +0 club.
* * * LOW HITPOINT WARNING * * *
Casting: Blink (safe; 9% risk of failure)
Confirm with . or Enter, or press ? or * to list all spells.
You miscast Blink.
You are very lightly contaminated with residual magic.
Nothing appears to happen.
The orc warrior barely misses you. The orc hits you but does no damage.
Unknown command.
Casting: Blink (safe; 9% risk of failure)
Confirm with . or Enter, or press ? or * to list all spells.
You blink.
Found a blackened bone amulet.
Harold the Weathered comes into view.
He is wielding a +0 flail and carrying a wand of paralysis (10).
Something completely misses you.
Unknown command.
The orc hits you with a +0 dagger.
* * * LOW HITPOINT WARNING * * *
The orc warrior completely misses you.
You hear some strange, mumbled words.
You are confused.
Unknown command.
You're too confused to move!
Harold shouts!
The orc closely misses you.
The orc warrior hits you with a +0 hand axe.
* * * LOW HITPOINT WARNING * * *
Unknown command.
You feel stable enough to blink again.
An orc opens the door.
Unknown command.
You enter the shallow water.
Moving in this stuff is going to be slow.
The orc warrior hits you with a +0 hand axe.
You die...

#...... #@.... ..
#.... .. #...# ..
#...##... #...#....
##o..'...."
...#######....#.....
.....≈≈@ooo...# ....
#############+# ##+#
#..##...###
#..........
#..........
#..........
#..........
#..........
#....J.....


You could see an orc warrior and 2 orcs.

Vanquished Creatures
  A wraith (D:9)
  A basilisk (D:9)
  An orc warrior (D:8)
  2 sky beasts
  A black bear (D:4)
  2 necrophages
  An ogre (D:5)
  A phantom (D:5)
  A scorpion (D:4)
  A wyvern skeleton (D:6)
  4 wights (D:6)
  A howler monkey (D:7)
  5 hounds
  A jelly (D:6)
  A bullfrog skeleton (D:5)
  An iguana (D:6)
  2 orc wizards
  A hound skeleton (D:4)
  Robin (D:2)
  3 gnolls (D:4)
  3 adders
  An adder zombie (D:5)
  2 worms (D:2)
  3 dart slugs
  12 orcs
  5 endoplasms
  4 giant cockroaches
  13 goblins
  6 hobgoblins (D:2)
  7 jackals
  2 kobolds
  3 quokkas
  3 ball pythons
  A bat (D:2)
  4 frilled lizards
  5 rats
106 creatures vanquished.

Vanquished Creatures (collateral kills)
  An iguana (D:4)
1 creature vanquished.

Grand Total: 107 creatures vanquished

Notes
Turn   | Place    | Note
-------+----------+-------------------------------------------
     0 | D:1      | pokeman the Deep Elf Hedge Wizard began the quest for the
                  | Orb.
     0 | D:1      | Reached XP level 1. HP: 10/10 MP: 7/7
   591 | D:1      | Reached XP level 2. HP: 16/16 MP: 7/9
  1196 | D:2      | Reached skill level 5 in Spellcasting
  1279 | D:2      | Reached XP level 3. HP: 20/20 MP: 5/11
  1283 | D:2      | Learned a level 3 spell: Mephitic Cloud
  1286 | D:2      | Learned a level 2 spell: Call Imp
  1289 | D:2      | Learned a level 2 spell: Blink
  1293 | D:2      | Learned a level 3 spell: Conjure Flame
  1639 | D:2      | Found a hazy altar of Hepliaklqana.
  1801 | D:2      | Reached skill level 1 in Fighting
  1877 | D:2      | Noticed Robin
  1966 | D:2      | Killed Robin
  1967 | D:2      | Reached skill level 1 in Armour
  2401 | D:2      | Reached XP level 4. HP: 25/25 MP: 3/13
  3704 | D:4      | Reached skill level 6 in Spellcasting
  3704 | D:4      | Reached skill level 1 in Fire Magic
  3704 | D:4      | Reached XP level 5. HP: 21/29 MP: 8/15
  3939 | D:4      | Noticed a black bear
  3967 | D:4      | Killed a black bear
  3968 | D:4      | Reached skill level 1 in Air Magic
  4112 | D:4      | Reached XP level 6. HP: 29/34 MP: 8/17
  4181 | D:4      | Found a burning altar of Makhleb.
  4183 | D:4      | Noticed a cacodemon
  4187 | D:4      | Found a glowing silver altar of Zin.
  4188 | D:4      | Noticed an angel
  4351 | D:4      | Reached skill level 7 in Spellcasting
  4421 | D:4      | Reached skill level 1 in Poison Magic
  4641 | D:5      | Entered Level 5 of the Dungeon
  4748 | D:5      | Found a staircase to the Ecumenical Temple.
  4756 | Temple   | Entered the Ecumenical Temple
  4844 | D:5      | Noticed a sky beast
  4877 | D:5      | Killed a sky beast
  4935 | D:5      | Found a blossoming altar of Fedhas.
  4949 | D:5      | Reached XP level 7. HP: 15/39 MP: 7/20
  5462 | D:5      | Reached skill level 8 in Spellcasting
  5832 | D:6      | Found Cevood's Jewellery Shoppe.
  6300 | D:6      | Reached XP level 8. HP: 44/44 MP: 15/22
  6372 | D:6      | Reached skill level 9 in Spellcasting
  6805 | D:6      | You fall into a shaft and drop 3 floors!
  6847 | D:9      | Reached skill level 1 in Evocations
  6929 | D:9      | Reached skill level 5 in Conjurations
  7064 | D:8      | Reached skill level 10 in Spellcasting
  7214 | D:8      | Learned a level 5 spell: Freezing Cloud
  7221 | D:8      | Found the +8 woodcutter's axe {vorpal}
  7238 | D:8      | Found a radiant altar of Vehumet.
  7247 | D:8      | Became a worshipper of Vehumet
  7413 | D:7      | Noticed a slime creature
  7421 | D:7      | Noticed Harold
  7424 | D:7      | HP: 1/44 [orc warrior (5)]
  7427 | D:7      | Slain by an orc warrior

Illustrated notes

Levels and vault maps discovered:
D:1:      co_arrival_square_in_a_square_in_a_square, layout_basic,
          minmay_misc_feat_five, minmay_worlds_worst_comb
D:2:      layout_loops_ring, basic_altar, minmay_door_square, uniq_robin
D:3:      layout_basic
D:4:      layout_cave_pools, grunt_temple_overflow_order_and_chaos_2,
          minmay_strange_pillars
D:5:      layout_basic, kennysheep_little_box, minmay_temple_entry_sparse_star
D:6:      cheibrodos_quashed, layout_basic, serial_shops, shop, shop,
          nicolae_shop_trees
D:7:      hangedman_cross_stitches, layout_gridville, corexii_corridor_pit,
          uniq_pikel, uniq_harold, uniq_maggie
D:8:      minmay_the_grid_triangle_9x9_rhombus_thin
          [minmay_the_grid_triangle_9x9_wacky_v,
          minmay_the_grid_triangle_9x9_prize_schism,
          minmay_the_grid_triangle_9x9_flanged_cone,
          minmay_the_grid_triangle_9x9_intruding_spiral], layout_basic,
          nicolae_vehumet_radiance, grunt_temple_overflow_open
D:9:      layout_irregular_city, mainiacjoe_overflow_brackets,
          nicolae_wooded_promenade
Temple:   nicolae_temple_great_sept

Skill      XL: |  1  2  3  4  5  6  7  8 |
---------------+-------------------------+-----
Spellcasting   | 5 6 7 8 10 | 10.3
Fighting       | 1 2 |  2.0
Conjurations   | 2 3 4 5 |  5.5
Armour         | 1 2 3 |  3.0
Dodging        | 3 |  3.0
Fire Magic     | 1 2 3 4 |  4.4
Stealth        | 3 |  3.1
Air Magic      | 1 |  1.1
Poison Magic   | 1 |  1.0
Evocations     | 1 |  1.0
Summonings     | |  1.1
Translocations | |  1.1
Ice Magic      | |  0.4

Action                   |  1- 3 |  4- 6 |  7- 9 || total
-------------------------+-------+-------+-------++-------
Melee: Dagger            |    26 |    10 |     7 ||    43
       Punch             |       |       |     1 ||     1
       Halberd           |       |       |    32 ||    32
       War axe           |       |       |    11 ||    11
 Cast: Magic Dart        |   124 |   114 |   104 ||   342
       Mephitic Cloud    |     1 |     2 |     5 ||     8
       Call Imp          |       |     2 |     6 ||     8
       Conjure Flame     |       |     3 |    15 ||    18
       Blink             |       |     1 |     6 ||     7
  Use: Scroll            |       |       |     3 ||     3
 Stab: Confused          |     2 |       |     1 ||     3
       Sleeping          |     1 |       |       ||     1
Armor: Leather armour    |    13 |     4 |     6 ||    23
Dodge: Dodged            |    30 |    22 |    22 ||    74
Block: Other             |     4 |     9 |    13 ||    26

Table legend: (Time is in decaauts)
 A = Elapsed time spent in this place.
 B = Non-inter-level travel time spent in this place.
 C = Inter-level travel time spent in this place.
 D = Time resting spent in this place.
 E = Time spent auto-exploring this place.
 F = Levels seen in this place.
 G = Mean time per level.
                   A        B        C        D        E       F      G
               +--------+--------+--------+--------+--------+-----+--------+
         Total |   7443 |   7162 |    281 |    221 |   5669 |  10 |  744.3 |
       Dungeon |   7358 |   7089 |    269 |    221 |   5609 |   9 |  817.6 |
        Temple |     84 |     72 |     12 |      0 |     60 |   1 |   84.0 |
               +--------+--------+--------+--------+--------+-----+--------+

Top non-repeatable levels by time:
     D:2: 1587 daAuts
     D:3: 1054 daAuts
     D:6: 1050 daAuts
     D:5: 1030 daAuts
     D:1: 1020 daAuts
     D:4: 979 daAuts
     D:9: 258 daAuts
     D:8: 209 daAuts
     D:7: 168 daAuts
  Temple: 84 daAuts
